cohdb
Replays
Latest Replays
All Replays
Popular Replays
Top Player Replays
Match Explorer
How It Works
Community
CoH3 Stats
Reddit
Sign in to upload your games and track your stats! →
Sign in with Steam
Match 42263124
Unlisted
Match 42263124
Overview
Messages
Build Orders
End
Selects Special Operations Battlegroup
Selects M29 Weasel Recon Vehicle
M29 Weasel Recon Vehicle
Construct Barracks
Riflemen Squad
Riflemen Squad
M1 Mortar Team
Riflemen Squad
Construct Medical Station
Infantry Support Center
Construct Motor Pool
M1 Anti-tank Gun Team
M1918 Browning Automatic Rifles
Selects P-47 Anti-Infantry Loiter
P-47 Anti-Infantry Loiter
Grenade Package
Selects Raiding Flares
Selects SSF Commando Squad
SSF Commando Squad
P-47 Anti-Infantry Loiter
Construct Tank Depot
Selects UNKNOWN (2162291)
Selects Assault Operation
P-47 Anti-Infantry Loiter
Advanced Logistics
M4A1 Sherman Whizbang
P-47 Anti-Infantry Loiter
Guru
Karl Müller
Cubbybgood
ZhukovUranus
0
0
Comments
sign in to comment!
No comments posted yet!